 Dungeon Crawl Stone Soup version 0.30-b1-2-g02819fbbbe (webtiles) character file.

Game seed: 4208168446535216106

1789 raph the Summoner (level 8, -9/44 HPs)
             Began as a Deep Elf Summoner on Oct 22, 2023.
             Was an Initiate of Sif Muna.
             Killed from afar by a steam dragon (21 damage)
             ... with a ball of steam
             ... on level 7 of the Dungeon.
             The game lasted 00:13:18 (7397 turns).

raph the Summoner (Deep Elf Summoner)               Turns: 7397, Time: 00:13:19

Health: -9/44      AC:  3    Str:  5    XL:     8   Next: 82%
Magic:  13/16      EV: 13    Int: 23    God:    Sif Muna [......]
Gold:   469        SH:  0    Dex: 15    Spells: 2/15 levels left

rFire   . . .        y - +1 rapier (venom)
rCold   . . .        (no shield)
rNeg    + . .        j - +0 robe
rPois   .            z - +0 helmet
rElec   .            (no cloak)
rCorr   .            (no gloves)
SInv    .            (no boots)
Will    .....        k - amulet of faith
Stlth   +++          o - ring of positive energy
HPRegen 0.27/turn    (no ring)
MPRegen 0.15/turn

%: faith
@: no status effects
A: no striking features
a: Renounce Religion


You were on level 7 of the Dungeon.
You worshipped Sif Muna.
Sif Muna was noncommittal.
You visited 2 branches of the dungeon, and saw 8 of its levels.
You also visited: Ossuary.

You collected 469 gold pieces.

Inventory:

Hand Weapons
 a - a +4 short sword of freezing
 d - a +0 dagger
 y - a +1 rapier of venom (weapon)
 B - a +0 rapier of flaming
Armour
 j - a +0 robe (worn)
 z - a +0 helmet (worn)
Jewellery
 k - an amulet of faith (around neck)
 o - a ring of positive energy (left hand)
 x - a ring of fire
Wands
 C - a wand of flame (20)
Scrolls
 g - 4 scrolls of immolation
 p - a scroll of fear
 s - 2 scrolls of identify
 u - 4 scrolls of teleportation
 v - 2 scrolls of blinking
 A - a scroll of amnesia
Potions
 b - 3 potions of magic
 c - 4 potions of attraction
 e - 3 potions of lignification
 f - 5 potions of heal wounds
 h - 5 potions of curing
 i - 3 potions of brilliance {unknown}
 l - a potion of mutation {unknown}
 m - a potion of haste {unknown}
 n - 2 potions of degeneration {unknown}
 q - a potion of resistance {unknown}
 r - 4 potions of cancellation {unknown}
 t - a potion of flight {unknown}
 w - a potion of invisibility {unknown}


   Skills:
 + Level 1.7 Fighting
 + Level 1.3 Short Blades
 + Level 3.9 Dodging
 + Level 4.3 Stealth
 + Level 4.4 Spellcasting
 * Level 10.5 Summonings
 * Level 4.5 Air Magic


You had 2 spell levels left.
You knew the following spells:

 Your Spells              Type           Power      Damage    Failure   Level
a - Summon Small Mammal   Summ           100%       N/A       1%          1
b - Call Imp              Summ           100%       N/A       1%          2
c - Call Canine Familiar  Summ           52%        N/A       1%          3
d - Summon Guardian Gole  Hex/Summ       29%        N/A       3%          3
e - Summon Lightning Spi  Summ/Air       39%        N/A       4%          4

Your spell library contained the following spells:

 Spells                   Type           Power      Damage    Failure   Level
 Ensorcelled Hibernation  Hex/Ice        10%        N/A       16%         2
 Passwall                 Tmut/Erth      4%         N/A       16%         2
 Swiftness                Air            26%        N/A       4%          3


Dungeon Overview and Level Annotations

Branches:
Dungeon (7/15)             Temple (1/1) D:6         Ossuary (visited)

Altars:
Ashenzari
Dithmenos
Elyvilon
Fedhas
Gozag
Hepliaklqana
Kikubaaqudgha
Makhleb
Nemelex Xobeh
Ru
Sif Muna
Trog
Uskayaw
Vehumet
Wu Jian
Xom
Yredelemnul
Zin
The Shining One


Message History

You swap places.
You are engulfed in a cloud of scalding steam.
The steam dragon bites your guardian golem but does no damage.
The steam dragon claws your guardian golem but does no damage.
Something bites your guardian golem but does no damage.
Something claws your guardian golem but does no damage.
The steam dragon bites your guardian golem but does no damage.
The steam dragon claws your guardian golem.
The steam dragon breathes steam at you.
The ball of steam hits your guardian golem.
Your guardian golem resists.
The ball of steam hits you!!
Ouch! That really hurt!
You start resting.
A steam dragon is nearby!
What are your orders? t - Shout!
Orders for allies: a - Attack new target. r - Retreat! s - Stop attacking. g - Guard the area. f - Follow me.
Anything else - Cancel.
Gang up on whom?
Press: ? - help, Dir - move target, f - steam dragon
Aim: a steam dragon (steam, severely wounded, very poisoned, ally target) Attack!
The steam dragon bites your guardian golem!
The steam dragon claws your guardian golem but does no damage.
The steam dragon breathes steam at you.
The ball of steam hits your guardian golem.
Your guardian golem resists.
The ball of steam hits you!
* * * LOW HITPOINT WARNING * * *
Your guardian golem overheats!
The steam dragon bites your guardian golem but does no damage.
The steam dragon claws your guardian golem but does no damage.
Casting: Summon Guardian Golem (dangerous; 3% risk of failure)
Confirm with . or Enter, or press ? or * to list all spells.
The steam dragon breathes steam at you. The ball of steam hits your wolf!
The ball of steam hits you!!
You die...

##. .# ... .# #.# .# #.# ##. #+##
#.# #.. ##...## ###.# #.####
##.....# ##.#.# #.##.## ##.......
####....########.#...####........
+..........D..h§@.......'........
####...###.#.###.#...####........
##..# #§#.# #.##..# ##......>
##.###9#.# #.###.# ##.....#
#.....#.# #.. ..# ##...## ##
###.###.# ### #.# ##'## #.## #D#
#.# #.# #.# #D#####§# #.# #.#
#####.# ##9.§§D.# ..# ##...#.##


You could see a friendly wolf (summoned).

Vanquished Creatures
  A black bear (D:6)
  A gnoll (D:5)
  2 adders
  An ufetubus (D:4)
  A worm (D:2)
  3 orcs (D:5)
  2 ball pythons (D:1)
  A bat (D:2)
  4 endoplasms
  2 goblins
  5 hobgoblins
  2 kobolds (D:1)
  2 quokkas
  2 frilled lizards (D:3)
  2 rats
31 creatures vanquished.

Vanquished Creatures (collateral kills)
  Pikel (D:6)
  Sigmund (D:4)
  An ogre (D:5)
  A black bear (D:6)
  A phantom (D:6)
  A lemure (D:6)
  A scorpion (D:6)
  A jelly (D:6)
  An orc priest (D:5)
  An iguana (D:4)
  Terence (D:2)
  Natasha (thrice) (D:3)
  An orc wizard (D:5)
  8 mummies (Ossuary)
  6 gnolls
  6 adders
  A worm (D:2)
  4 orcs
  4 endoplasms
  A giant cockroach (D:2)
  3 gnoll zombies (Ossuary)
  5 goblins
  3 hobgoblins (D:1)
  A quokka (D:2)
  11 ball pythons
  2 frilled lizards
  A hobgoblin zombie (Ossuary)
  4 kobolds
  3 kobold zombies (Ossuary)
  An orc zombie (Ossuary)
  A rat (D:2)
80 creatures vanquished.

Vanquished Creatures (others)
  An ice beast (D:5)
  Duvessa (D:6)
  Dowan (D:6)
  4 gnolls (D:3)
  A plant (D:4)
8 creatures vanquished.

Grand Total: 119 creatures vanquished

Notes
Turn   | Place    | Note
-------+----------+-------------------------------------------
     0 | D:1      | raph the Deep Elf Summoner began the quest for the Orb.
     0 | D:1      | Reached XP level 1. HP: 10/10 MP: 6/6
   336 | D:1      | Reached XP level 2. HP: 5/15 MP: 6/8
   434 | D:1      | Learned a level 2 spell: Call Imp
  1387 | D:2      | Reached XP level 3. HP: 4/19 MP: 6/9
  1631 | D:2      | Learned a level 3 spell: Call Canine Familiar
  1734 | D:2      | Reached skill level 5 in Summonings
  1812 | D:2      | Found a faded altar of an unknown god.
  1834 | D:2      | Reached XP level 4. HP: 24/24 MP: 11/11
  1838 | D:2      | Learned a level 3 spell: Summon Guardian Golem
  1947 | D:2      | Noticed Terence
  1971 | D:2      | Killed Terence
  1972 | D:2      | Reached skill level 1 in Fighting
  2473 | D:3      | Noticed Natasha
  2487 | D:3      | Killed Natasha
  2488 | D:3      | Reached XP level 5. HP: 29/29 MP: 3/12
  2748 | D:3      | Noticed Natasha
  2753 | D:3      | Killed Natasha
  2969 | D:3      | Reached skill level 6 in Summonings
  3412 | D:3      | Noticed Natasha
  3417 | D:3      | Killed Natasha
  3418 | D:3      | Reached XP level 6. HP: 32/34 MP: 4/13
  3507 | D:4      | Noticed Sigmund
  3520 | D:4      | Killed Sigmund
  3521 | D:4      | Reached skill level 7 in Summonings
  3698 | D:4      | Found a basalt altar of Yredelemnul.
  3778 | D:4      | Reached skill level 8 in Summonings
  3873 | D:4      | Found a sparkling altar of Nemelex Xobeh.
  3926 | D:4      | Found an ornate altar of the Wu Jian Council.
  3926 | D:4      | Found a bloodstained altar of Trog.
  3927 | D:4      | Found a sacrificial altar of Ru.
  4032 | D:5      | Entered Level 5 of the Dungeon
  4055 | D:5      | Noticed an ice beast
  4086 | D:5      | Killed an ice beast
  4087 | D:5      | Reached XP level 7. HP: 38/38 MP: 9/14
  4265 | D:5      | Reached skill level 9 in Summonings
  4417 | D:5      | Found a sand-covered staircase.
  4428 | Ossuary  | Entered an ossuary
  4440 | Ossuary  | Learned a level 4 spell: Summon Lightning Spire
  4484 | Ossuary  | Reached skill level 1 in Air Magic
  4942 | D:5      | Found a blossoming altar of Fedhas.
  5664 | D:6      | Found a glowing golden altar of the Shining One.
  6005 | D:6      | Reached XP level 8. HP: 23/43 MP: 7/15
  6140 | D:6      | Found a staircase to the Ecumenical Temple.
  6152 | Temple   | Entered the Ecumenical Temple
  6354 | Temple   | Became a worshipper of Sif Muna the Loreminder
  6448 | D:6      | Noticed Dowan
  6453 | D:6      | Noticed Duvessa
  6464 | D:6      | Killed Duvessa
  6468 | D:6      | Killed Dowan
  6469 | D:6      | Reached skill level 10 in Summonings
  6996 | D:6      | Noticed Pikel
  7011 | D:6      | Killed Pikel
  7012 | D:6      | Reached skill level 1 in Short Blades
  7397 | D:7      | Killed from afar by a steam dragon

Illustrated notes

Levels and vault maps discovered:
D:1:      enne_arrival_octagon_isle, layout_basic, serial_bayou_pond_e,
          chequers_serial_rivers_micro_b, nicolae_eternal_life
D:2:      layout_rooms, nicolae_ecumenical_pavilion, uniq_terence
D:3:      layout_loops_ring, kennysheep_generic_room_7, uniq_natasha
D:4:      layout_rooms, gammafunk_temple_overflow_forgotten,
          nemelex_diamond_rough_becter, mainiacjoe_overflow_surrounded_room,
          uniq_sigmund
D:5:      layout_loops_corners, fedhas_altar_4, nicolae_ossuary_entry_monument
D:6:      layout_basic, nicolae_tso_swordbearing_angel,
          minmay_temple_entry_trees, uniq_duvessa, uniq_pikel
D:7:      layout_loops_corners, marbit_many_paths, serial_shops, shop
Temple:   hc_temple_tempest_star

Skill      XL: |  1  2  3  4  5  6  7  8 |
---------------+-------------------------+-----
Stealth        | 3 4 |  4.3
Dodging        | 3 |  3.9
Summonings     | 5 6 8 9 10 | 10.5
Fighting       | 1 |  1.7
Air Magic      | 2 4 |  4.5
Short Blades   | 1 |  1.3
Spellcasting   | 4 |  4.4

Action                     |  1- 3 |  4- 6 |  7- 9 || total
---------------------------+-------+-------+-------++-------
  Melee: Dagger            |    25 |       |       ||    25
         Short sword       |    35 |    29 |    24 ||    88
         Rapier            |       |       |    14 ||    14
   Cast: Summon Small Mamm |    33 |    25 |    11 ||    69
         Call Imp          |     8 |    15 |    12 ||    35
         Call Canine Famil |       |    10 |    12 ||    22
         Summon Guardian G |       |     9 |    12 ||    21
         Summon Lightning  |       |       |     1 ||     1
    Use: Scroll            |     6 |     6 |     5 ||    17
   Stab: Sleeping          |     3 |     3 |     4 ||    10
         Distracted        |     1 |       |     2 ||     3
 Armour: Robe              |    13 |     4 |     3 ||    20
  Dodge: Dodged            |    49 |    17 |    31 ||    97
